 Dungeon Crawl Stone Soup version 0.15.2 (webtiles) character file.

27 HopeRidesAlone the Insei (level 2, -1/24 HPs)
             Began as a Mummy Monk on Nov 2, 2015.
             Slain by a hobgoblin (3 damage)
             ... on Level 1 of the Dungeon.
             The game lasted 00:00:52 (848 turns).

HopeRidesAlone the Insei (Mummy Monk)                Turns: 848, Time: 00:00:52

HP  -1/24        AC  2     Str 14      XL: 2   Next: 93%
MP   2/2         EV 13     Int  9      God:
Gold 37          SH  0     Dex 14      Spells:  0 memorised,  1 level left

rFire  x . .     SeeInvis .       - Unarmed
rCold  + . .     Clarity  .     a - +0 robe
rNeg   + + +     rCorr    .     (no shield)
rPois  +         rRot     +     (no helmet)
rElec  .         Spirit   .     (no cloak)
SustAb .         Warding  .     (no gloves)
rMut   .         Stasis   .     (no boots)
Gourm  .                        (no amulet)
MR     .....                    (no ring)
                                (no ring)

@: not resistant to hostile enchantments, unstealthy
A: no food or potions, fire vulnerability, restore body, cold resistance 1,
negative energy resistance 3, poison resistance, torment resistance, unbreathing
a: no special abilities


You were on level 1 of the Dungeon.
You were not hungry.

You visited 1 branch of the dungeon, and saw 1 of its levels.

You collected 37 gold pieces.


Innate Abilities, Weirdness & Mutations

You do not eat or drink.
Your flesh is vulnerable to fire.
Your flesh is cold resistant.
You are immune to negative energy.
Your system is resistant to poisons.
You are immune to unholy pain and torment.
You can survive without breathing.


   Skills:
 - Level 3.0 Fighting
 - Level 2.4 Dodging
 - Level 1.5 Stealth
 + Level 4.0 Unarmed Combat


You had one spell level left.
You didn't know any spells.

Inventory:

Armour
 a - a +0 robe (worn)
Scrolls
 b - 2 scrolls of identify {unknown}

Dungeon Overview and Level Annotations

Branches:
Dungeon (1/15)

Altars:
PPP.P# ####..#.....##. PPP.P# #............... PPP.P# ###.##...........# PP.PP#

#.#.##......#.#...
P.PPP#.####...##....%......#
.PPPPr............##.##.#..#
P.PPP#.## ...##...%....#
PP.PP#.######.##.g###.#....#
PPP.P.....>.....M.###.###..##
PPP.P.########................


PPP.P.# #...#....###.####.## PPP.P# #...#....# #.# PPP.P# #...#.#####... PP.PP##
#...#.##..+...# P.PPP.# #...#..#.# ...# .PPPP.# ###.##...##...# PPPPP.##
#.##.### !..# You could see a hobgoblin.


Message History

You are too injured to fight recklessly!
The giant gecko barely misses you. The giant cockroach bites you.
* * * LOW HITPOINT WARNING * * *
You hit the giant gecko.
The giant gecko is almost dead.
The giant gecko completely misses you.
You closely miss the giant gecko.
The giant gecko is almost dead.
The giant gecko barely misses you.
You barely miss the giant gecko.
The giant gecko is almost dead.
The giant gecko barely misses you.
You barely miss the giant gecko.
The giant gecko is almost dead.
The giant gecko bites you.
* * * LOW HITPOINT WARNING * * *
You hit the giant gecko.
You kill the giant gecko!
The hobgoblin closely misses you.
You hit the giant cockroach. You punch the giant cockroach.
You kill the giant cockroach!
Found a cyan potion.
You see here a giant gecko corpse.
You see here a giant gecko corpse.
You barely miss the hobgoblin. The hobgoblin closely misses you.
You closely miss the hobgoblin. The hobgoblin hits you.
* * * LOW HITPOINT WARNING * * *
You barely miss the hobgoblin. The hobgoblin completely misses you.
You closely miss the hobgoblin. The hobgoblin hits you.
You die...

Action                   || total
-------------------------++-------
Melee: Unarmed           ||   108

Vault maps used:
D:1:      roderic_crop_circles_arrival_large

Notes
Turn   | Place    | Note
--------------------------------------------------------------
     0 | D:1      | HopeRidesAlone, the Mummy Monk, began the quest for the Orb.
     0 | D:1      | Reached XP level 1. HP: 18/18 MP: 1/1
    56 | D:1      | HP: 1/18 [hobgoblin/club (4)]
   338 | D:1      | Reached XP level 2. HP: 9/24 MP: 2/2
   698 | D:1      | Reached skill level 4 in Unarmed Combat
   820 | D:1      | HP: 1/24 [giant gecko (4)]
   846 | D:1      | HP: 2/24 [hobgoblin (1)]
   848 | D:1      | Slain by a hobgoblin

Vanquished Creatures
  2 giant geckos (D:1)
  2 oozes (D:1)
  A ball python (D:1)
  3 giant cockroaches (D:1)
  5 hobgoblins (D:1)
  2 bats (D:1)
  2 giant newts (D:1)
  2 goblins (D:1)
  2 rats (D:1)
21 creatures vanquished.
